Workbook

Sheet Journal Entry
A1: Date | B1: Account Title | C1: Debit | D1: Credit
A2: 31/12/XX | B2: Supplies | D2: 5000
B3: Supplies expence | C3: 5000 | K3: Assumptions
A5: 31/12/XX | B5: Rent Expence | C5: 1666.7 | K5: Depreciation method used is strightline method
B6: Prepaid Rent | D6: 1666.7
A8: 31/12/XX | B8: Depreciation Expence | C8: 9600
B9: Accumulated Depreciation | D9: 9600
A11: 31/12/Xx | B11: Interest Expence | C11: 720
B12: Interest Payable | D12: 720
A14: 31/12/XX | B14: Unearned client fee | C14: 3000
B15: Client fees earned | D15: 3000
A17: 31/12/XX | B17: Client Fee Recievable | C17: 690
B18: Unearned Client fee | D18: 690
A20: 31/12/XX | B20: salary Expence | C20: 750
B21: Salary Payable | D21: 750
A23: 31/12/XX | B23: Income Tax expence | C23: 7000
B24: Income Tax payable | D24: 7000

Sheet Adjusted Trial Balance
A1: Account Title | B1: Debit | C1: Credit
A2: Cash | B2: 22380
A3: Client Fees Recieveable | B3: =71250+690 -> 71940
A4: Supplies | B4: =6000-'Journal Entry'!D2 -> 1000
A5: Prepaid Studio Rent | B5: =2500-'Journal Entry'!D6 -> 833.3
A6: Studio Equipment | B6: =96000 -> 96000
A7: Accumulated Depreciation | C7: =52000+'Journal Entry'!D9 -> 61600
A8: Accounts Payable | C8: =6420 -> 6420
A9: Note Payable | C9: =24000 -> 24000
A10: Interest Payable | C10: ='Journal Entry'!D12+480 -> 1200
A11: Unearned Client Fee | C11: =8000-'Journal Entry'!D15+'Journal Entry'!D18 -> 5690
A12: Income tax payable | C12: =5000+'Journal Entry'!D24 -> 12000
A13: Capital stocks | C13: =50000 -> 50000
A14: Retained earning | C14: =20000 -> 20000
A15: Salaries Payable | C15: 750
A16: Client Fees earned | C16: =82310+'Journal Entry'!D15 -> 85310
A17: Supplies Expence | B17: =4000+'Journal Entry'!C3 -> 9000
A18: Salaries Expence | B18: =17250+'Journal Entry'!C20 -> 18000
A19: Interest Expence | B19: =480+'Journal Entry'!C11 -> 1200
A20: Studio rent Expence | B20: =11250+'Journal Entry'!C5 -> 12916.7
A21: Utility Expence | B21: =3300 -> 3300
A22: Depreciation expence | B22: =8800+'Journal Entry'!C8 -> 18400
A23: Income Tax Expence | B23: =5000+'Journal Entry'!C23 -> 12000
B24: =SUM(B2:B23) -> 266970 | C24: =SUM(C2:C23) -> 266970

Sheet Income statement
D1: Income Statement
D2: For the year ended Dec 31st
A3: Revenues
B4: Client Fees | F4: ='Adjusted Trial Balance'!C16 -> 85310
B6: Total Revenue | F6: =SUM(F4:F5) -> 85310
A7: Expences
A8: Supplies Expence | F8: =9000 -> 9000
A9: Salaries Expence | F9: =18000 -> 18000
A10: Interest Expence | F10: ='Adjusted Trial Balance'!B19 -> 1200
A11: Studio rent Expence | F11: ='Adjusted Trial Balance'!B20 -> 12916.7
A12: Utility Expence | F12: ='Adjusted Trial Balance'!B21 -> 3300
A13: Depreciation expence | F13: ='Adjusted Trial Balance'!B22 -> 18400
A14: Income Tax Expence | F14: ='Adjusted Trial Balance'!B23 -> 12000
B15: Total Expence | F15: =SUM(F8:F14) -> 74816.7
A16: Net Income | F16: =F6-F15 -> 10493.3

Sheet Statement of retained Earning
B1: BRUSHSTROCK ART STUDIO. INC
B2: STATEMENT OF RETAIN EARNINGS | G2: Assumption
B3: FOR THE YEAR ENDED 31 XX | G3: No dividend was paid out
A4: Retained earning | C4: =20000 -> 20000
A5: Add net income | C5: ='Income statement'!F16 -> 10493.3
A6: Retained earning | C6: =SUM(C4:C5) -> 30493.3

Sheet Balanced Sheet
D2: BRUSHSTROCK ART STUDIO. INC
D3: STATEMENT OF RETAIN EARNINGS
D4: FOR THE YEAR ENDED 31 XX
E5: Assets
C6: Cash | D6: 22380
C7: Client Fees Recieveable | D7: =71250+690 -> 71940
C8: Supplies | D8: =1000 -> 1000
C9: Prepaid Studio Rent | D9: ='Adjusted Trial Balance'!B5 -> 833.3
C10: Studio Equipment | D10: =96000 -> 96000
C11: Less Accumulated Depreciation | D11: =-('Adjusted Trial Balance'!C7) -> -61600
C12: Total Assets | G12: =SUM(D6:D11) -> 130553.3
E13: Liabilities
C14: Accounts Payable | E14: ='Adjusted Trial Balance'!C8 -> 6420
C15: Note Payable | E15: ='Adjusted Trial Balance'!C9 -> 24000
C16: Interest Payable | E16: ='Adjusted Trial Balance'!C10 -> 1200
C17: Unearned Client Fee | E17: ='Adjusted Trial Balance'!C11 -> 5690
C18: Salaries Payable | E18: ='Adjusted Trial Balance'!C15 -> 750
C19: Income tax payable | E19: ='Adjusted Trial Balance'!C12 -> 12000
C20: Total Liabilities | G20: =SUM(E14:E19) -> 50060
C22: Owners Equity
C23: Capital stocks | E23: =50000 -> 50000
C24: Retained earning | E24: ='Statement of retained Earning'!C6 -> 30493.3
G25: =SUM(E23:E24) -> 80493.3
C26: Total Liabilities and Equity | G26: =G20+G25 -> 130553.3

Sheet Clossing Entries
A1: Date | B1: Account title | C1: Debit | D1: Credit
A2: 31/12/XX | B2: Client Fees Earned | C2: 85310
B3: Income Summary | D3: 85310
A4: 31/12/XX | B4: Income summary | C4: =SUM(D5:D11) -> 74816.7
B5: Supplies Expence | D5: 9000
B6: Salaries Expence | D6: 18000
B7: Interest Expence | D7: 1200
B8: Studio rent Expence | D8: 12916.7
B9: Utility Expence | D9: 3300
B10: Depreciation expence | D10: 18400
B11: Income Tax Expence | D11: 12000
A13: 31/12/XX | B13: Income Summary | C13: =D3-C4 -> 10493.3
B14: BRUSHSTROCK, Capital | D14: =C13 -> 10493.3

Sheet Post clossing Trial Balance
D2: BRUSHSTROCK ART STUDIO. INC
D3: Post Trial Balance
D4: FOR THE YEAR ENDED 31 XX
C5: Account Title | F5: Debit | G5: Credit
C6: Cash | F6: ='Adjusted Trial Balance'!B2 -> 22380
C7: Client Fees Recieveable | F7: =71940 -> 71940
C8: Supplies | F8: =1000 -> 1000
C9: Prepaid Studio Rent | F9: =833.3 -> 833.3
C10: Studio Equipment | F10: =96000 -> 96000
C11: Accumulated depreciation | G11: =61600 -> 61600
C12: Accounts Payable | G12: =6420 -> 6420
C13: Note Payable | G13: =24000 -> 24000
C14: Interest Payable | G14: =1200 -> 1200
C15: Unearned Client Fee | G15: ='Balanced Sheet'!E17 -> 5690
C16: Income tax payable | G16: =12000 -> 12000
C17: Capital stocks | G17: =50000 -> 50000
C18: Retained earnings | G18: =30493.3 -> 30493.3
C19: Salaries payable | G19: 750
F20: =SUM(F6:F10) -> 192153.3 | G20: =SUM(G11:G19) -> 192153.3
B23: Question e
B24: Monthly rent remains the same throughout the year since the prepayment of 2500 is equally spread over the three months
